AoeStats
← FriCla

Arabia

508943442Analyzed
2v2 RM · 9d ago on Sep 24, 2026· 42m 8s· 4 players
Game mode
Random Map
Map size
Medium (4 player)
Population
200
Speed
Normal
Resources
Standard
Victory
Conquest
Starting age
Dark Age
Ending age
Imperial Age
RankedLock teamsTeams togetherTeam positionsShared explorationLock speedFull tech treeHidden civsTurbo modeCheats
Victory
Defeat
🇩🇪 Franks · Germany
1162
+16
🇩🇪 Celts · Germany
1161
+16
🇮🇪 Persians · Ireland
1232
-19
🇮🇪 Saxons · Ireland
1091
-13
tibsmagee
6:22 Loom
9:01 Feudal Age
11:35 Horse Collar
22:07 Castle Age
20:18 Gold Mining
22:52 Bloodlines
22:42 Husbandry
24:06 Scale Barding Armor
24:12 Forging
31:06 Heavy Plow
35:40 Fletching
FriCla
7:00 Loom
9:09 Feudal Age
10:00 Man-at-Arms
11:37 Double-Bit Axe
21:00 Fletching
21:11 Padded Archer Armor
25:02 Castle Age
25:11 Crossbowman
25:56 Thumb Ring
28:07 Bodkin Arrow
29:45 Town Watch
32:13 Leather Archer Armor
35:47 Scale Mail Armor
40:32 Imperial Age
38:39 Wheelbarrow
41:04 Chain Mail Armor
40:12 Pikeman
40:53 Squires
40:39 Gambesons
41:28 Bow Saw
41:03 Horse Collar
Waaayne
7:03 Loom
10:02 Feudal Age
10:47 Double-Bit Axe
20:52 Castle Age
19:34 Gold Mining
19:57 Scale Barding Armor
21:47 Husbandry
22:04 Forging
28:38 Chain Barding Armor
29:10 Wheelbarrow
35:10 Imperial Age
34:54 Iron Casting
36:21 Cavalier
38:33 Pikeman
40:10 Halberdier
Raseur
7:02 Loom
9:25 Feudal Age
10:01 Double-Bit Axe
10:29 Man-at-Arms
17:53 Fletching
20:56 Padded Archer Armor
24:40 Castle Age
25:28 Bodkin Arrow
24:54 Crossbowman
32:26 Wheelbarrow
33:43 Bow Saw
37:14 Imperial Age
34:54 Scale Mail Armor
38:27 Chain Mail Armor
39:02 Forging
41:11 Plate Mail Armor
Connection lost

Rejoining the realm…

Still unreachable

The connection could not be restored.

Session expired

The server has moved on; the page needs a fresh start.